 Dungeon Crawl Stone Soup version 0.30.0-15-g856e2d3f33 (webtiles) character file.

Game seed: 293024439658506499

4809 qw the Cleaver (level 10, 64/64 HPs)
             Began as a Gargoyle Cinder Acolyte on May 18, 2023.
             Was a Follower of Ignis.
             Quit the game on level 10 of the Dungeon.
             The game lasted 00:09:00 (8909 turns).

qw the Cleaver (Gargoyle Cinder Acolyte)            Turns: 8909, Time: 00:09:00

Health: 64/64      AC: 25    Str: 22    XL:     10   Next: 48%
Magic:  11/11      EV:  7    Int: 15    God:    Ignis [*.....]
Gold:   308        SH:  0    Dex: 10    Spells: 11/11 levels left

rFire   + . .        f - +3 war axe
rCold   . . .        (no shield)
rNeg    + . .        r - +0 plate armour
rPois   inf          p - +0 helmet of the Hot Ocelot {Dex+5}
rElec   +            c - +0 cloak
rCorr   +            (no gloves)
SInv    .            d - +0 pair of boots
Will    .....        (no amulet) Stlth
                     i - ring of resist corrosion
HPRegen 0.30/turn    (no ring)
MPRegen 0.12/turn

%: no passive effects
@: no status effects
A: sickness immunity, AC +7, negative energy resistance 1, electricity
resistance, torment resistance 1, petrification resistance
a: Renounce Religion, Fiery Armour, Foxfire Swarm, Rising Flame


You were on level 10 of the Dungeon.
You worshipped Ignis.
Ignis was aware of your devotion.
You visited 1 branch of the dungeon, and saw 9 of its levels.

You collected 541 gold pieces.
You spent 233 gold pieces at shops.


Innate Abilities, Weirdness & Mutations

You are immune to sickness and miasma.
Your stone body is resilient. (AC +7)
You are immune to poison.
You resist negative energy. (rN+)
You are resistant to electric shocks. (rElec)
You are resistant to unholy torment.
You are immune to petrification.


   Skills:
 - Level 8.0 Fighting
 - Level 10.5 Axes
 + Level 0.0 Throwing
 - Level 8.1 Armour
 - Level 1.7 Dodging
 - Level 1.0 Spellcasting
 - Level 3.0 Fire Magic


You had 11 spell levels left.
You didn't know any spells.
Your spell library contained the following spells:

 Spells                   Type           Power      Damage    Failure   Level
 Scorch                   Fire           18%        2d5       86%         2

Inventory:

Hand Weapons
 a - a -1 hand axe of flaming
 f - a +3 war axe (weapon)
Missiles
 h - 6 boomerangs (quivered)
Armour
 c - a +0 cloak (worn)
 d - a +0 pair of boots (worn)
 p - the +0 helmet of the Hot Ocelot (worn) {Dex+5}
   (You took it off Robin on level 3 of the Dungeon)

   Dex:       It affects your dexterity (+5).
 r - a +0 plate armour (worn)
Jewellery
 i - a ring of resist corrosion (left hand)
Scrolls
 e - 2 scrolls of identify
Potions
 b - 4 potions of mutation
 g - a potion of haste
 m - 2 potions of might
 n - a potion of cancellation
 o - 3 potions of curing

Dungeon Overview and Level Annotations

Branches:
Dungeon (10/15)            Temple (0/1) D:4            Lair (0/5) D:10
    Orc: D:9-12

Altars:
Ashenzari
Cheibriados
Fedhas
Gozag
Kikubaaqudgha
Trog
Vehumet
Wu Jian
The Shining One

Shops:
D:3 !   D:6 (

Annotations:
D:3 2 transporters, qw's ghost, amateur GrCA
D:6 1 runed translucent door, Crazy Yiuf


Message History

Where to? (* - list waypoints, Enter - D:9, ? - help)
What level of the Dungeon? (default 1, ? - help) Sorry, I don't know how to get there.
8901 ||| Stepping randomly (stuck).
(D) Dungeon (T) Temple (L) Lair
Where to? (* - list waypoints, Enter - D:9, ? - help)
What level of the Dungeon? (default 1, ? - help) Sorry, I don't know how to get there.
8902 ||| Stepping randomly (stuck).
(D) Dungeon (T) Temple (L) Lair
Where to? (* - list waypoints, Enter - D:9, ? - help)
What level of the Dungeon? (default 1, ? - help) Sorry, I don't know how to get there.
8903 ||| Stepping randomly (stuck).
(D) Dungeon (T) Temple (L) Lair
Where to? (* - list waypoints, Enter - D:9, ? - help)
What level of the Dungeon? (default 1, ? - help) Sorry, I don't know how to get there.
8904 ||| Stepping randomly (stuck).
(D) Dungeon (T) Temple (L) Lair
Where to? (* - list waypoints, Enter - D:9, ? - help)
What level of the Dungeon? (default 1, ? - help) Sorry, I don't know how to get there.
8905 ||| Stepping randomly (stuck).
(D) Dungeon (T) Temple (L) Lair
Where to? (* - list waypoints, Enter - D:9, ? - help)
What level of the Dungeon? (default 1, ? - help) Sorry, I don't know how to get there.
8906 ||| Stepping randomly (stuck).
(D) Dungeon (T) Temple (L) Lair
Where to? (* - list waypoints, Enter - D:9, ? - help)
What level of the Dungeon? (default 1, ? - help) Sorry, I don't know how to get there.
8907 ||| Stepping randomly (stuck).
(D) Dungeon (T) Temple (L) Lair
Where to? (* - list waypoints, Enter - D:9, ? - help)
What level of the Dungeon? (default 1, ? - help) Sorry, I don't know how to get there.
8908 ||| Stepping randomly (stuck).
Are you sure you want to abandon this character and quit the game? (Confirm with "yes".)

#.....P........####
#............7.#..
#...........P..#.#
#.P......PP...P#.#
#.7..P...P.....P.#
#....7......P..P##
#.....7.>777...P#
#.........P..P.(#
#P.P....@P....P.#
##..P...7......##
#...........P.#
##...P.......##
#...P...7...#
#...P...P...#
#..........##
#..........#
#..).......+


There were no monsters in sight!

Vanquished Creatures
  A troll (D:10)
  Prince Ribbit (D:7)
  A hornet (D:8)
  3 wyverns (D:10)
  A steam dragon (D:6)
  Edmund (D:6)
  8 water moccasins
  A black bear (D:10)
  3 ice beasts
  An orc warrior (D:10)
  A sky beast (D:7)
  4 wolves (D:10)
  A phantom (D:5)
  Blork the orc (D:6)
  2 kobold brigands
  A gnoll sergeant (D:6)
  4 scorpions
  4 wights (D:6)
  2 bullfrogs
  A howler monkey (D:5)
  2 hounds
  A jelly (D:4)
  2 gnoll boudas
  2 orc priests
  Jessica (D:3)
  3 iguanas (D:5)
  2 sleepcaps (D:6)
  6 orc wizards
  Robin (D:3)
  14 gnolls
  7 adders
  A white imp (D:5)
  An ufetubus (D:7)
  A worm (D:3)
  4 dart slugs
  19 orcs
  6 bats
  10 endoplasms
  3 giant cockroaches
  21 goblins
  3 hobgoblins
  7 jackals
  13 kobolds
  7 quokkas
  7 ball pythons
  2 frilled lizards
  4 rats
192 creatures vanquished.

Notes
Turn   | Place    | Note
-------+----------+-------------------------------------------
     0 | D:1      | qw the Gargoyle Cinder Acolyte began the quest for the Orb.
     0 | D:1      | Reached XP level 1. HP: 14/14 MP: 2/2
     0 | D:1      | 0 ||| qw: Version: 0.2-a-95-gc95f03d
     0 | D:1      | 0 ||| qw: Game counter: 23
     0 | D:1      | 0 ||| qw: Always use a shield: true
     0 | D:1      | 0 ||| qw: God list: Okawaru
     0 | D:1      | 0 ||| qw: Allow faded altars: false
     0 | D:1      | 0 ||| qw: Do Orc after D:15 true
     0 | D:1      | 0 ||| qw: Do second Lair branch before Depths: true
     0 | D:1      | 0 ||| qw: Lair rune preference: random
     0 | D:1      | 0 ||| qw: Plans: Normal
     0 | D:1      | 0 ||| PLANNING D:1-11
    62 | D:1      | Reached skill level 3 in Axes
    75 | D:1      | 75 ||| Stepping ~*~*~tactically~*~*~ (stealth).
    77 | D:1      | 77 ||| Stepping ~*~*~tactically~*~*~ (stealth).
    89 | D:1      | 89 ||| Stepping ~*~*~tactically~*~*~ (stealth).
    94 | D:1      | Reached XP level 2. HP: 19/19 MP: 3/3
   176 | D:1      | 176 ||| Stepping ~*~*~tactically~*~*~ (hiding).
   238 | D:1      | 238 ||| Stepping ~*~*~tactically~*~*~ (stealth).
   239 | D:1      | 239 ||| Stepping ~*~*~tactically~*~*~ (stealth).
   388 | D:1      | 388 ||| Stepping ~*~*~tactically~*~*~ (hiding).
   392 | D:1      | 392 ||| Stepping ~*~*~tactically~*~*~ (hiding).
   393 | D:1      | 393 ||| Stepping ~*~*~tactically~*~*~ (hiding).
   395 | D:1      | 395 ||| Stepping ~*~*~tactically~*~*~ (hiding).
   429 | D:1      | Reached XP level 3. HP: 19/23 MP: 4/4
   792 | D:1      | Reached skill level 4 in Axes
   818 | D:1      | 818 ||| UPGRADING to +0 leather armour.
   828 | D:1      | 828 ||| DROPPING +0 robe.
   829 | D:1      | 829 ||| UPGRADING to +0 chain mail.
   839 | D:1      | 839 ||| DROPPING +0 leather armour.
   840 | D:1      | 840 ||| DROPPING ring of flight.
   841 | D:1      | 841 ||| UPGRADING to ring of resist corrosion.
   842 | D:1      | 842 ||| READING scroll labelled WOIXIENW VUNG.
   843 | D:1      | 843 ||| READING 2 scrolls labelled BYOSSI XUCVELE.
   844 | D:1      | 844 ||| READING scroll labelled GAFOTIA IBRE.
   860 | D:2      | 860 ||| STAIRDANCE
   923 | D:2      | Found a faded altar of an unknown god.
  1209 | D:2      | Reached skill level 1 in Armour
  1242 | D:2      | Reached XP level 4. HP: 28/28 MP: 5/5
  1613 | D:2      | 1613 ||| UPGRADING to +0 cloak.
  1618 | D:2      | 1618 ||| DROPPING +6 ring of intelligence.
  1619 | D:2      | 1619 ||| READING scroll labelled ZAWOGA WONYRCH.
  1620 | D:2      | 1620 ||| READING 2 scrolls of identify.
  1620 | D:2      | 1620 ||| IDENTIFYING glowing yellow potion
  1621 | D:2      | 1621 ||| DROPPING potion of ambrosia.
  1659 | D:3      | 1659 ||| STAIRDANCE
  1692 | D:3      | 1692 ||| Stepping ~*~*~tactically~*~*~ (stealth).
  1693 | D:3      | 1693 ||| Stepping ~*~*~tactically~*~*~ (stealth).
  1722 | D:3      | Noticed qw's ghost (amateur GrCA)
  1727 | D:3      | 1727 ||| Stepping ~*~*~tactically~*~*~ (stealth).
  1729 | D:3      | Found a transporter.
  1828 | D:3      | Found Norav's Distillery.
  1838 | D:3      | Identified the +1 leather armour "Ocair" {Dex+4}
  1861 | D:3      | 1861 ||| SHOPLISTING potion of haste (100 gold, have 91).
  1861 | D:3      | 1861 ||| BUYING potion of heal wounds (50 gold).
  1861 | D:3      | Bought a potion of heal wounds for 50 gold pieces
  1861 | D:3      | 1861 ||| SHOPLISTING potion of heal wounds (50 gold, have
                  | 41).
  1861 | D:3      | 1861 ||| BUYING potion of might (40 gold).
  1861 | D:3      | Bought a potion of might for 40 gold pieces
  1861 | D:3      | 1861 ||| SHOPLISTING potion of mutation (80 gold, have 1).
  2011 | D:3      | Reached XP level 5. HP: 30/32 MP: 6/6
  2143 | D:3      | 2143 ||| Stepping ~*~*~tactically~*~*~ (stealth).
  2201 | D:3      | Found a glowing golden altar of the Shining One.
  2351 | D:3      | Found a transporter.
  2354 | D:3      | Identified the +0 helmet of the Hot Ocelot {Dex+5}
  2354 | D:3      | Noticed Robin
  2355 | D:3      | 2355 ||| INVOKING Fiery Armour.
  2358 | D:3      | 2358 ||| Stepping ~*~*~tactically~*~*~ (hiding).
  2359 | D:3      | Noticed Jessica
  2361 | D:3      | 2361 ||| Stepping ~*~*~tactically~*~*~ (hiding).
  2370 | D:3      | Killed Jessica
  2371 | D:3      | Reached skill level 5 in Axes
  2375 | D:3      | Killed Robin
  2394 | D:3      | 2394 ||| Stepping ~*~*~tactically~*~*~ (stealth).
  2495 | D:3      | 2495 ||| UPGRADING to +0 helmet of the Hot Ocelot {Dex+5}.
  2500 | D:3      | 2500 ||| UPGRADING to +0 plate armour.
  2510 | D:3      | 2510 ||| DROPPING +0 chain mail.
  2511 | D:3      | 2511 ||| READING scroll labelled REROIDWEPHI.
  2512 | D:3      | 2512 ||| READING scroll labelled ACISIGOXKOS.
  2513 | D:3      | 2513 ||| READING scroll labelled SANOGHAXED.
  2514 | D:3      | 2514 ||| READING 4 scrolls of identify.
  2514 | D:3      | 2514 ||| IDENTIFYING blue potion
  2515 | D:3      | 2515 ||| READING 3 scrolls of identify.
  2515 | D:3      | 2515 ||| IDENTIFYING yellow potion
  2516 | D:3      | 2516 ||| READING 2 scrolls of identify.
  2516 | D:3      | 2516 ||| IDENTIFYING smoky emerald potion
  2517 | D:3      | 2517 ||| DROPPING potion of invisibility.
  2518 | D:3      | 2518 ||| DROPPING potion of magic.
  2568 | D:4      | 2568 ||| STAIRDANCE
  2578 | D:3      | 2578 ||| INVOKING Fiery Armour.
  2581 | D:3      | Reached XP level 6. HP: 17/37 MP: 7/7
  2659 | D:4      | Reached skill level 3 in Armour
  2666 | D:4      | Found an opulent altar of Gozag.
  2795 | D:4      | 2795 ||| Stepping ~*~*~tactically~*~*~ (stealth).
  3066 | D:4      | 3066 ||| Stepping ~*~*~tactically~*~*~ (stealth).
  3067 | D:4      | 3067 ||| Stepping ~*~*~tactically~*~*~ (stealth).
  3068 | D:4      | 3068 ||| Stepping ~*~*~tactically~*~*~ (stealth).
  3069 | D:4      | 3069 ||| INVOKING Fiery Armour.
  3203 | D:4      | 3203 ||| INVOKING Fiery Armour.
  3209 | D:4      | Found a staircase to the Ecumenical Temple.
  3273 | D:4      | 3273 ||| Stepping ~*~*~tactically~*~*~ (hiding).
  3274 | D:4      | 3274 ||| Stepping ~*~*~tactically~*~*~ (hiding).
  3452 | D:4      | 3452 ||| READING 3 scrolls of identify.
  3452 | D:4      | 3452 ||| IDENTIFYING coppery potion
  3453 | D:4      | 3453 ||| READING 2 scrolls of identify.
  3453 | D:4      | 3453 ||| IDENTIFYING bubbling puce potion
  3454 | D:4      | 3454 ||| DROPPING potion of berserk rage.
  3460 | D:5      | Entered Level 5 of the Dungeon
  3690 | D:5      | Noticed a water moccasin
  3710 | D:5      | Reached skill level 6 in Axes
  3710 | D:5      | Reached XP level 7. HP: 26/43 MP: 8/8
  3781 | D:5      | 3781 ||| Stepping ~*~*~tactically~*~*~ (hiding).
  3783 | D:5      | 3783 ||| Stepping ~*~*~tactically~*~*~ (hiding).
  3784 | D:5      | 3784 ||| Stepping ~*~*~tactically~*~*~ (hiding).
  4520 | D:5      | Reached skill level 7 in Axes
  4775 | D:5      | 4775 ||| DROPPING ring of wizardry.
  4776 | D:5      | 4776 ||| READING scroll labelled DUIMOARUPI.
  4777 | D:5      | 4777 ||| DRINKING 3 murky white potions.
  4778 | D:5      | 4778 ||| READING 3 scrolls of identify.
  4778 | D:5      | 4778 ||| IDENTIFYING metallic amethyst potion
  4779 | D:5      | 4779 ||| READING 2 scrolls of identify.
  4779 | D:5      | 4779 ||| IDENTIFYING lumpy grey potion
  4780 | D:5      | 4780 ||| DROPPING potion of degeneration.
  4781 | D:5      | 4781 ||| DROPPING potion of attraction.
  4815 | D:6      | 4815 ||| STAIRDANCE
  4825 | D:5      | Reached XP level 8. HP: 41/50 MP: 9/9
  4859 | D:6      | 4859 ||| Stepping ~*~*~tactically~*~*~ (stealth).
  4861 | D:6      | 4861 ||| Stepping ~*~*~tactically~*~*~ (stealth).
  4874 | D:6      | 4874 ||| STAIRDANCE
  4876 | D:5      | 4876 ||| INVOKING Fiery Armour.
  4880 | D:5      | HP: 9/50 [ice beast (10)]
  4881 | D:5      | 4881 ||| DRINKING 2 potions of heal wounds.
  4887 | D:5      | Reached skill level 1 in Dodging
  5081 | D:6      | Found a runed translucent door.
  5082 | D:6      | Noticed Crazy Yiuf
  5173 | D:6      | 5173 ||| Stepping ~*~*~tactically~*~*~ (hiding).
  5194 | D:6      | 5194 ||| INVOKING Fiery Armour.
  5485 | D:6      | 5485 ||| INVOKING Fiery Armour.
  5486 | D:6      | HP: 12/50 [wight/+0 falchion (1)]
  5487 | D:6      | Reached skill level 8 in Axes
  5487 | D:6      | 5487 ||| READING scroll of teleportation.
  5488 | D:6      | 5488 ||| DRINKING potion of heal wounds.
  5567 | D:6      | Reached skill level 6 in Fighting
  5631 | D:6      | 5631 ||| INVOKING Fiery Armour.
  5632 | D:6      | HP: 12/51 [wight/+4 hand axe of freezing (5)]
  5633 | D:6      | Reached XP level 9. HP: 12/55 MP: 10/10
  5782 | D:6      | 5782 ||| SWAPPING to +4 hand axe of freezing.
  5880 | D:6      | Noticed Blork the orc
  5888 | D:6      | Killed Blork the orc
  6026 | D:6      | Noticed Edmund
  6028 | D:6      | 6028 ||| Stepping ~*~*~tactically~*~*~ (stealth).
  6029 | D:6      | 6029 ||| Stepping ~*~*~tactically~*~*~ (stealth).
  6045 | D:6      | 6045 ||| INVOKING Fiery Armour.
  6052 | D:6      | Killed Edmund
  6053 | D:6      | Reached skill level 9 in Axes
  6213 | D:6      | Found Izimatodd's Antique Weapon Boutique.
  6219 | D:6      | 6219 ||| BUYING glowing war axe (143 gold).
  6219 | D:6      | Bought a glowing war axe for 143 gold pieces
  6219 | D:6      | 6219 ||| SWAPPING to +0 war axe of freezing.
  6220 | D:6      | 6220 ||| DROPPING +4 hand axe of freezing.
  6314 | D:6      | 6314 ||| UPGRADING to +0 pair of boots.
  6319 | D:6      | 6319 ||| READING 2 scrolls labelled BECIOPT XODOA.
  6320 | D:6      | 6320 ||| READING scroll labelled HOED FOL XATO.
  6321 | D:6      | 6321 ||| READING scroll labelled SOUQUS MUETO.
  6322 | D:6      | 6322 ||| READING 3 scrolls of identify.
  6322 | D:6      | 6322 ||| IDENTIFYING silvery potion
  6323 | D:6      | 6323 ||| DROPPING scroll of poison.
  6324 | D:6      | 6324 ||| DROPPING potion of flight.
  6453 | D:7      | 6453 ||| Stepping ~*~*~tactically~*~*~ (hiding).
  6454 | D:7      | 6454 ||| Stepping ~*~*~tactically~*~*~ (hiding).
  6456 | D:7      | 6456 ||| Stepping ~*~*~tactically~*~*~ (hiding).
  6457 | D:7      | 6457 ||| Stepping ~*~*~tactically~*~*~ (hiding).
  6469 | D:7      | Reached skill level 6 in Armour
  6770 | D:7      | Noticed Prince Ribbit
  6783 | D:7      | Killed Prince Ribbit
  6878 | D:7      | Found a blossoming altar of Fedhas.
  6882 | D:7      | Found an ancient bone altar of Kikubaaqudgha.
  7247 | D:7      | 7247 ||| READING scroll labelled URCHUE IFRE.
  7406 | D:8      | Noticed a hornet
  7410 | D:8      | Killed a hornet
  7427 | D:8      | Found a bloodstained altar of Trog.
  7445 | D:8      | Found a snail-covered altar of Cheibriados.
  7464 | D:8      | 7464 ||| Stepping ~*~*~tactically~*~*~ (hiding).
  7465 | D:8      | 7465 ||| Stepping ~*~*~tactically~*~*~ (hiding).
  7466 | D:8      | 7466 ||| Stepping ~*~*~tactically~*~*~ (hiding).
  7468 | D:8      | 7468 ||| Stepping ~*~*~tactically~*~*~ (hiding).
  7469 | D:8      | 7469 ||| Stepping ~*~*~tactically~*~*~ (stealth).
  7470 | D:8      | 7470 ||| Stepping ~*~*~tactically~*~*~ (hiding).
  7471 | D:8      | 7471 ||| Stepping ~*~*~tactically~*~*~ (hiding).
  7472 | D:8      | 7472 ||| Stepping ~*~*~tactically~*~*~ (hiding).
  7480 | D:8      | 7480 ||| INVOKING Fiery Armour.
  7485 | D:8      | Reached skill level 10 in Axes
  7556 | D:8      | You fall into a shaft and drop 2 floors!
  7556 | D:10     | Entered Level 10 of the Dungeon
  7557 | D:10     | Found a radiant altar of Vehumet.
  7557 | D:10     | Found a broken altar of Ashenzari.
  7577 | D:10     | Found an ornate altar of the Wu Jian Council.
  7593 | D:10     | Noticed a cyclops
  7594 | D:10     | Noticed a troll
  7596 | D:10     | 7596 ||| INVOKING Fiery Armour.
  7600 | D:10     | HP: 13/57 [troll (4)]
  7601 | D:10     | 7601 ||| READING 2 scrolls of teleportation.
  7602 | D:10     | Killed a troll
  7603 | D:10     | Reached XP level 10. HP: 13/63 MP: 11/11
  7770 | D:10     | 7770 ||| READING scroll labelled YWAN PASODYGUM.
  7771 | D:10     | 7771 ||| READING 3 scrolls of identify.
  7771 | D:10     | 7771 ||| IDENTIFYING black potion
  7772 | D:10     | 7772 ||| READING 2 scrolls of identify.
  7772 | D:10     | 7772 ||| IDENTIFYING lumpy pink potion
  7773 | D:10     | 7773 ||| DROPPING potion of lignification.
  7774 | D:10     | 7774 ||| Stepping randomly (stuck).
  7775 | D:10     | 7775 ||| Stepping randomly (stuck).
  7776 | D:10     | 7776 ||| Stepping randomly (stuck).
  7777 | D:10     | 7777 ||| Stepping randomly (stuck).
  7778 | D:10     | 7778 ||| Stepping randomly (stuck).
  7779 | D:10     | 7779 ||| Stepping randomly (stuck).
  7780 | D:10     | 7780 ||| Stepping randomly (stuck).
  7781 | D:10     | 7781 ||| Stepping randomly (stuck).
  7782 | D:10     | 7782 ||| Stepping randomly (stuck).
  7783 | D:10     | 7783 ||| Stepping randomly (stuck).
  7784 | D:10     | 7784 ||| Stepping randomly (stuck).
  7785 | D:10     | 7785 ||| Stepping randomly (stuck).
  7786 | D:10     | 7786 ||| Stepping randomly (stuck).
  7787 | D:10     | 7787 ||| Stepping randomly (stuck).
  7788 | D:10     | 7788 ||| Stepping randomly (stuck).
  7789 | D:10     | 7789 ||| Stepping randomly (stuck).
  7790 | D:10     | 7790 ||| Stepping randomly (stuck).
  7791 | D:10     | 7791 ||| Stepping randomly (stuck).
  7792 | D:10     | 7792 ||| Stepping randomly (stuck).
  7793 | D:10     | 7793 ||| Stepping randomly (stuck).
  7794 | D:10     | 7794 ||| Stepping randomly (stuck).
  7795 | D:10     | 7795 ||| Stepping randomly (stuck).
  7796 | D:10     | 7796 ||| Stepping randomly (stuck).
  7797 | D:10     | 7797 ||| Stepping randomly (stuck).
  7798 | D:10     | 7798 ||| Stepping randomly (stuck).
  7799 | D:10     | 7799 ||| Stepping randomly (stuck).
  7800 | D:10     | 7800 ||| Stepping randomly (stuck).
  7801 | D:10     | 7801 ||| Stepping randomly (stuck).
  7802 | D:10     | 7802 ||| Stepping randomly (stuck).
  7803 | D:10     | 7803 ||| Stepping randomly (stuck).
  7804 | D:10     | 7804 ||| Stepping randomly (stuck).
  7805 | D:10     | 7805 ||| Stepping randomly (stuck).
  7806 | D:10     | 7806 ||| Stepping randomly (stuck).
  7807 | D:10     | 7807 ||| Stepping randomly (stuck).
  7808 | D:10     | 7808 ||| Stepping randomly (stuck).
  7809 | D:10     | 7809 ||| Stepping randomly (stuck).
  7810 | D:10     | 7810 ||| Stepping randomly (stuck).
  7811 | D:10     | 7811 ||| Stepping randomly (stuck).
  7812 | D:10     | 7812 ||| Stepping randomly (stuck).
  7813 | D:10     | 7813 ||| Stepping randomly (stuck).
  7814 | D:10     | 7814 ||| Stepping randomly (stuck).
  7815 | D:10     | 7815 ||| Stepping randomly (stuck).
  7817 | D:10     | 7817 ||| Stepping randomly (stuck).
  7818 | D:10     | 7818 ||| Stepping randomly (stuck).
  7819 | D:10     | 7819 ||| Stepping randomly (stuck).
  7820 | D:10     | 7820 ||| Stepping randomly (stuck).
  7821 | D:10     | 7821 ||| Stepping randomly (stuck).
  7822 | D:10     | 7822 ||| Stepping randomly (stuck).
  7823 | D:10     | 7823 ||| Stepping randomly (stuck).
  7824 | D:10     | 7824 ||| Stepping randomly (stuck).
  7825 | D:10     | 7825 ||| Stepping randomly (stuck).
  7826 | D:10     | 7826 ||| READING scroll of teleportation.
  7830 | D:10     | 7830 ||| INVOKING Fiery Armour.
  7954 | D:10     | 7954 ||| Stepping randomly (stuck).
  7955 | D:10     | 7955 ||| Stepping randomly (stuck).
  7956 | D:10     | 7956 ||| Stepping randomly (stuck).
  7957 | D:10     | 7957 ||| Stepping randomly (stuck).
  7958 | D:10     | 7958 ||| Stepping randomly (stuck).
  7959 | D:10     | 7959 ||| Stepping randomly (stuck).
  7961 | D:10     | 7961 ||| SWAPPING to +3 war axe.
  7962 | D:10     | 7962 ||| DROPPING +1 war axe of chaos.
  7963 | D:10     | 7963 ||| Stepping randomly (stuck).
  7964 | D:10     | 7964 ||| Stepping randomly (stuck).
  7965 | D:10     | 7965 ||| Stepping randomly (stuck).
  7966 | D:10     | 7966 ||| Stepping randomly (stuck).
  7967 | D:10     | 7967 ||| Stepping randomly (stuck).
  7968 | D:10     | 7968 ||| Stepping randomly (stuck).
  7969 | D:10     | 7969 ||| Stepping randomly (stuck).
  7970 | D:10     | 7970 ||| Stepping randomly (stuck).
  7971 | D:10     | 7971 ||| Stepping randomly (stuck).
  7972 | D:10     | 7972 ||| Stepping randomly (stuck).
  7973 | D:10     | 7973 ||| Stepping randomly (stuck).
  7974 | D:10     | 7974 ||| Stepping randomly (stuck).
  7975 | D:10     | 7975 ||| Stepping randomly (stuck).
  7976 | D:10     | 7976 ||| Stepping randomly (stuck).
  7977 | D:10     | 7977 ||| Stepping randomly (stuck).
  7978 | D:10     | 7978 ||| Stepping randomly (stuck).
  7979 | D:10     | 7979 ||| Stepping randomly (stuck).
  7980 | D:10     | 7980 ||| Stepping randomly (stuck).
  7981 | D:10     | 7981 ||| Stepping randomly (stuck).
  7982 | D:10     | 7982 ||| Stepping randomly (stuck).
  7983 | D:10     | 7983 ||| Stepping randomly (stuck).
  7984 | D:10     | 7984 ||| Stepping randomly (stuck).
  7985 | D:10     | 7985 ||| Stepping randomly (stuck).
  7986 | D:10     | 7986 ||| Stepping randomly (stuck).
  7987 | D:10     | 7987 ||| Stepping randomly (stuck).
  7988 | D:10     | 7988 ||| Stepping randomly (stuck).
  7989 | D:10     | 7989 ||| Stepping randomly (stuck).
  7990 | D:10     | 7990 ||| Stepping randomly (stuck).
  7991 | D:10     | 7991 ||| Stepping randomly (stuck).
  7992 | D:10     | 7992 ||| Stepping randomly (stuck).
  7993 | D:10     | 7993 ||| Stepping randomly (stuck).
  7994 | D:10     | 7994 ||| Stepping randomly (stuck).
  7995 | D:10     | 7995 ||| Stepping randomly (stuck).
  7996 | D:10     | 7996 ||| Stepping randomly (stuck).
  7997 | D:10     | 7997 ||| Stepping randomly (stuck).
  7998 | D:10     | 7998 ||| Stepping randomly (stuck).
  7999 | D:10     | 7999 ||| Stepping randomly (stuck).
  8000 | D:10     | 8000 ||| Stepping randomly (stuck).
  8001 | D:10     | 8001 ||| Stepping randomly (stuck).
  8002 | D:10     | 8002 ||| Stepping randomly (stuck).
  8003 | D:10     | 8003 ||| Stepping randomly (stuck).
  8004 | D:10     | 8004 ||| Stepping randomly (stuck).
  8004 | D:10     | Found a staircase to the Lair.
  8005 | D:10     | 8005 ||| Stepping randomly (stuck).
  8006 | D:10     | 8006 ||| Stepping randomly (stuck).
  8007 | D:10     | 8007 ||| Stepping randomly (stuck).
  8008 | D:10     | 8008 ||| Stepping randomly (stuck).
  8009 | D:10     | 8009 ||| Stepping randomly (stuck).
  8010 | D:10     | 8010 ||| Stepping randomly (stuck).
  8011 | D:10     | 8011 ||| Stepping randomly (stuck).
  8012 | D:10     | 8012 ||| Stepping randomly (stuck).
  8013 | D:10     | 8013 ||| Stepping randomly (stuck).
  8014 | D:10     | 8014 ||| Stepping randomly (stuck).
  8015 | D:10     | 8015 ||| Stepping randomly (stuck).
  8016 | D:10     | 8016 ||| Stepping randomly (stuck).
  8017 | D:10     | 8017 ||| Stepping randomly (stuck).
  8018 | D:10     | 8018 ||| Stepping randomly (stuck).
  8019 | D:10     | 8019 ||| Stepping randomly (stuck).
  8020 | D:10     | 8020 ||| Stepping randomly (stuck).
  8021 | D:10     | 8021 ||| Stepping randomly (stuck).
  8022 | D:10     | 8022 ||| Stepping randomly (stuck).
  8023 | D:10     | 8023 ||| Stepping randomly (stuck).
  8024 | D:10     | 8024 ||| Stepping randomly (stuck).
  8025 | D:10     | 8025 ||| Stepping randomly (stuck).
  8026 | D:10     | 8026 ||| Stepping randomly (stuck).
  8027 | D:10     | 8027 ||| Stepping randomly (stuck).
  8028 | D:10     | 8028 ||| Stepping randomly (stuck).
  8029 | D:10     | 8029 ||| Stepping randomly (stuck).
  8030 | D:10     | 8030 ||| Stepping randomly (stuck).
  8031 | D:10     | 8031 ||| Stepping randomly (stuck).
  8032 | D:10     | 8032 ||| Stepping randomly (stuck).
  8033 | D:10     | 8033 ||| Stepping randomly (stuck).
  8034 | D:10     | 8034 ||| Stepping randomly (stuck).
  8035 | D:10     | 8035 ||| Stepping randomly (stuck).
  8036 | D:10     | 8036 ||| Stepping randomly (stuck).
  8037 | D:10     | 8037 ||| Stepping randomly (stuck).
  8038 | D:10     | 8038 ||| Stepping randomly (stuck).
  8039 | D:10     | 8039 ||| Stepping randomly (stuck).
  8040 | D:10     | 8040 ||| Stepping randomly (stuck).
  8041 | D:10     | 8041 ||| Stepping randomly (stuck).
  8042 | D:10     | 8042 ||| Stepping randomly (stuck).
  8043 | D:10     | 8043 ||| Stepping randomly (stuck).
  8044 | D:10     | 8044 ||| Stepping randomly (stuck).
  8045 | D:10     | 8045 ||| Stepping randomly (stuck).
  8046 | D:10     | 8046 ||| Stepping randomly (stuck).
  8047 | D:10     | 8047 ||| Stepping randomly (stuck).
  8048 | D:10     | 8048 ||| Stepping randomly (stuck).
  8049 | D:10     | 8049 ||| Stepping randomly (stuck).
  8050 | D:10     | 8050 ||| Stepping randomly (stuck).
  8051 | D:10     | 8051 ||| Stepping randomly (stuck).
  8052 | D:10     | 8052 ||| Stepping randomly (stuck).
  8053 | D:10     | 8053 ||| Stepping randomly (stuck).
  8054 | D:10     | 8054 ||| Stepping randomly (stuck).
  8055 | D:10     | 8055 ||| Stepping randomly (stuck).
  8056 | D:10     | 8056 ||| Stepping randomly (stuck).
  8057 | D:10     | 8057 ||| Stepping randomly (stuck).
  8058 | D:10     | 8058 ||| Stepping randomly (stuck).
  8059 | D:10     | 8059 ||| Stepping randomly (stuck).
  8060 | D:10     | 8060 ||| Stepping randomly (stuck).
  8061 | D:10     | 8061 ||| Stepping randomly (stuck).
  8062 | D:10     | 8062 ||| Stepping randomly (stuck).
  8063 | D:10     | 8063 ||| Stepping randomly (stuck).
  8064 | D:10     | 8064 ||| Stepping randomly (stuck).
  8065 | D:10     | 8065 ||| Stepping randomly (stuck).
  8066 | D:10     | 8066 ||| Stepping randomly (stuck).
  8067 | D:10     | 8067 ||| Stepping randomly (stuck).
  8068 | D:10     | 8068 ||| Stepping randomly (stuck).
  8069 | D:10     | 8069 ||| Stepping randomly (stuck).
  8070 | D:10     | 8070 ||| Stepping randomly (stuck).
  8071 | D:10     | 8071 ||| Stepping randomly (stuck).
  8072 | D:10     | 8072 ||| Stepping randomly (stuck).
  8073 | D:10     | 8073 ||| Stepping randomly (stuck).
  8074 | D:10     | 8074 ||| Stepping randomly (stuck).
  8075 | D:10     | 8075 ||| Stepping randomly (stuck).
  8076 | D:10     | 8076 ||| Stepping randomly (stuck).
  8077 | D:10     | 8077 ||| Stepping randomly (stuck).
  8078 | D:10     | 8078 ||| Stepping randomly (stuck).
  8079 | D:10     | 8079 ||| Stepping randomly (stuck).
  8080 | D:10     | 8080 ||| Stepping randomly (stuck).
  8081 | D:10     | 8081 ||| Stepping randomly (stuck).
  8082 | D:10     | 8082 ||| Stepping randomly (stuck).
  8083 | D:10     | 8083 ||| Stepping randomly (stuck).
  8084 | D:10     | 8084 ||| Stepping randomly (stuck).
  8085 | D:10     | 8085 ||| Stepping randomly (stuck).
  8086 | D:10     | 8086 ||| Stepping randomly (stuck).
  8087 | D:10     | 8087 ||| Stepping randomly (stuck).
  8088 | D:10     | 8088 ||| Stepping randomly (stuck).
  8089 | D:10     | 8089 ||| Stepping randomly (stuck).
  8090 | D:10     | 8090 ||| Stepping randomly (stuck).
  8092 | D:10     | 8092 ||| Stepping randomly (stuck).
  8093 | D:10     | 8093 ||| Stepping randomly (stuck).
  8094 | D:10     | 8094 ||| Stepping randomly (stuck).
  8095 | D:10     | 8095 ||| Stepping randomly (stuck).
  8096 | D:10     | 8096 ||| Stepping randomly (stuck).
  8097 | D:10     | 8097 ||| Stepping randomly (stuck).
  8098 | D:10     | 8098 ||| Stepping randomly (stuck).
  8099 | D:10     | 8099 ||| Stepping randomly (stuck).
  8100 | D:10     | 8100 ||| Stepping randomly (stuck).
  8101 | D:10     | 8101 ||| Stepping randomly (stuck).
  8102 | D:10     | 8102 ||| Stepping randomly (stuck).
  8103 | D:10     | 8103 ||| Stepping randomly (stuck).
  8104 | D:10     | 8104 ||| Stepping randomly (stuck).
  8105 | D:10     | 8105 ||| Stepping randomly (stuck).
  8106 | D:10     | 8106 ||| Stepping randomly (stuck).
  8107 | D:10     | 8107 ||| Stepping randomly (stuck).
  8108 | D:10     | 8108 ||| Stepping randomly (stuck).
  8109 | D:10     | 8109 ||| Stepping randomly (stuck).
  8110 | D:10     | 8110 ||| Stepping randomly (stuck).
  8111 | D:10     | 8111 ||| Stepping randomly (stuck).
  8112 | D:10     | 8112 ||| Stepping randomly (stuck).
  8113 | D:10     | 8113 ||| Stepping randomly (stuck).
  8114 | D:10     | 8114 ||| Stepping randomly (stuck).
  8115 | D:10     | 8115 ||| Stepping randomly (stuck).
  8116 | D:10     | 8116 ||| Stepping randomly (stuck).
  8117 | D:10     | 8117 ||| Stepping randomly (stuck).
  8118 | D:10     | 8118 ||| Stepping randomly (stuck).
  8119 | D:10     | 8119 ||| Stepping randomly (stuck).
  8120 | D:10     | 8120 ||| Stepping randomly (stuck).
  8121 | D:10     | 8121 ||| Stepping randomly (stuck).
  8122 | D:10     | 8122 ||| Stepping randomly (stuck).
  8123 | D:10     | 8123 ||| Stepping randomly (stuck).
  8124 | D:10     | 8124 ||| Stepping randomly (stuck).
  8125 | D:10     | 8125 ||| Stepping randomly (stuck).
  8126 | D:10     | 8126 ||| Stepping randomly (stuck).
  8127 | D:10     | 8127 ||| Stepping randomly (stuck).
  8128 | D:10     | 8128 ||| Stepping randomly (stuck).
  8129 | D:10     | 8129 ||| Stepping randomly (stuck).
  8130 | D:10     | 8130 ||| Stepping randomly (stuck).
  8131 | D:10     | 8131 ||| Stepping randomly (stuck).
  8132 | D:10     | 8132 ||| Stepping randomly (stuck).
  8133 | D:10     | 8133 ||| Stepping randomly (stuck).
  8134 | D:10     | 8134 ||| Stepping randomly (stuck).
  8135 | D:10     | 8135 ||| Stepping randomly (stuck).
  8136 | D:10     | 8136 ||| Stepping randomly (stuck).
  8137 | D:10     | 8137 ||| Stepping randomly (stuck).
  8138 | D:10     | 8138 ||| Stepping randomly (stuck).
  8139 | D:10     | 8139 ||| Stepping randomly (stuck).
  8140 | D:10     | 8140 ||| Stepping randomly (stuck).
  8141 | D:10     | 8141 ||| Stepping randomly (stuck).
  8142 | D:10     | 8142 ||| Stepping randomly (stuck).
  8143 | D:10     | 8143 ||| Stepping randomly (stuck).
  8144 | D:10     | 8144 ||| Stepping randomly (stuck).
  8145 | D:10     | 8145 ||| Stepping randomly (stuck).
  8146 | D:10     | 8146 ||| Stepping randomly (stuck).
  8147 | D:10     | 8147 ||| Stepping randomly (stuck).
  8148 | D:10     | 8148 ||| Stepping randomly (stuck).
  8149 | D:10     | 8149 ||| Stepping randomly (stuck).
  8150 | D:10     | 8150 ||| Stepping randomly (stuck).
  8151 | D:10     | 8151 ||| Stepping randomly (stuck).
  8152 | D:10     | 8152 ||| Stepping randomly (stuck).
  8153 | D:10     | 8153 ||| Stepping randomly (stuck).
  8154 | D:10     | 8154 ||| Stepping randomly (stuck).
  8155 | D:10     | 8155 ||| Stepping randomly (stuck).
  8156 | D:10     | 8156 ||| Stepping randomly (stuck).
  8157 | D:10     | 8157 ||| Stepping randomly (stuck).
  8158 | D:10     | 8158 ||| Stepping randomly (stuck).
  8159 | D:10     | 8159 ||| Stepping randomly (stuck).
  8160 | D:10     | 8160 ||| Stepping randomly (stuck).
  8161 | D:10     | 8161 ||| Stepping randomly (stuck).
  8162 | D:10     | 8162 ||| Stepping randomly (stuck).
  8163 | D:10     | 8163 ||| Stepping randomly (stuck).
  8164 | D:10     | 8164 ||| Stepping randomly (stuck).
  8165 | D:10     | 8165 ||| Stepping randomly (stuck).
  8166 | D:10     | 8166 ||| Stepping randomly (stuck).
  8167 | D:10     | 8167 ||| Stepping randomly (stuck).
  8168 | D:10     | 8168 ||| Stepping randomly (stuck).
  8169 | D:10     | 8169 ||| Stepping randomly (stuck).
  8170 | D:10     | 8170 ||| Stepping randomly (stuck).
  8171 | D:10     | 8171 ||| Stepping randomly (stuck).
  8172 | D:10     | 8172 ||| Stepping randomly (stuck).
  8173 | D:10     | 8173 ||| Stepping randomly (stuck).
  8174 | D:10     | 8174 ||| Stepping randomly (stuck).
  8175 | D:10     | 8175 ||| Stepping randomly (stuck).
  8176 | D:10     | 8176 ||| Stepping randomly (stuck).
  8177 | D:10     | 8177 ||| Stepping randomly (stuck).
  8178 | D:10     | 8178 ||| Stepping randomly (stuck).
  8179 | D:10     | 8179 ||| Stepping randomly (stuck).
  8180 | D:10     | 8180 ||| Stepping randomly (stuck).
  8181 | D:10     | 8181 ||| Stepping randomly (stuck).
  8182 | D:10     | 8182 ||| Stepping randomly (stuck).
  8183 | D:10     | 8183 ||| Stepping randomly (stuck).
  8184 | D:10     | 8184 ||| Stepping randomly (stuck).
  8185 | D:10     | 8185 ||| Stepping randomly (stuck).
  8186 | D:10     | 8186 ||| Stepping randomly (stuck).
  8187 | D:10     | 8187 ||| Stepping randomly (stuck).
  8188 | D:10     | 8188 ||| Stepping randomly (stuck).
  8189 | D:10     | 8189 ||| Stepping randomly (stuck).
  8190 | D:10     | 8190 ||| Stepping randomly (stuck).
  8191 | D:10     | 8191 ||| Stepping randomly (stuck).
  8192 | D:10     | 8192 ||| Stepping randomly (stuck).
  8193 | D:10     | 8193 ||| Stepping randomly (stuck).
  8194 | D:10     | 8194 ||| Stepping randomly (stuck).
  8195 | D:10     | 8195 ||| Stepping randomly (stuck).
  8196 | D:10     | 8196 ||| Stepping randomly (stuck).
  8197 | D:10     | 8197 ||| Stepping randomly (stuck).
  8198 | D:10     | 8198 ||| Stepping randomly (stuck).
  8199 | D:10     | 8199 ||| Stepping randomly (stuck).
  8200 | D:10     | 8200 ||| Stepping randomly (stuck).
  8201 | D:10     | 8201 ||| Stepping randomly (stuck).
  8202 | D:10     | 8202 ||| Stepping randomly (stuck).
  8203 | D:10     | 8203 ||| Stepping randomly (stuck).
  8204 | D:10     | 8204 ||| Stepping randomly (stuck).
  8205 | D:10     | 8205 ||| Stepping randomly (stuck).
  8206 | D:10     | 8206 ||| Stepping randomly (stuck).
  8207 | D:10     | 8207 ||| Stepping randomly (stuck).
  8208 | D:10     | 8208 ||| Stepping randomly (stuck).
  8209 | D:10     | 8209 ||| Stepping randomly (stuck).
  8210 | D:10     | 8210 ||| Stepping randomly (stuck).
  8211 | D:10     | 8211 ||| Stepping randomly (stuck).
  8212 | D:10     | 8212 ||| Stepping randomly (stuck).
  8213 | D:10     | 8213 ||| Stepping randomly (stuck).
  8214 | D:10     | 8214 ||| Stepping randomly (stuck).
  8215 | D:10     | 8215 ||| Stepping randomly (stuck).
  8216 | D:10     | 8216 ||| Stepping randomly (stuck).
  8217 | D:10     | 8217 ||| Stepping randomly (stuck).
  8218 | D:10     | 8218 ||| Stepping randomly (stuck).
  8219 | D:10     | 8219 ||| Stepping randomly (stuck).
  8220 | D:10     | 8220 ||| Stepping randomly (stuck).
  8221 | D:10     | 8221 ||| Stepping randomly (stuck).
  8222 | D:10     | 8222 ||| Stepping randomly (stuck).
  8223 | D:10     | 8223 ||| Stepping randomly (stuck).
  8224 | D:10     | 8224 ||| Stepping randomly (stuck).
  8225 | D:10     | 8225 ||| Stepping randomly (stuck).
  8226 | D:10     | 8226 ||| Stepping randomly (stuck).
  8227 | D:10     | 8227 ||| Stepping randomly (stuck).
  8228 | D:10     | 8228 ||| Stepping randomly (stuck).
  8229 | D:10     | 8229 ||| Stepping randomly (stuck).
  8230 | D:10     | 8230 ||| Stepping randomly (stuck).
  8231 | D:10     | 8231 ||| Stepping randomly (stuck).
  8232 | D:10     | 8232 ||| Stepping randomly (stuck).
  8233 | D:10     | 8233 ||| Stepping randomly (stuck).
  8234 | D:10     | 8234 ||| Stepping randomly (stuck).
  8235 | D:10     | 8235 ||| Stepping randomly (stuck).
  8236 | D:10     | 8236 ||| Stepping randomly (stuck).
  8237 | D:10     | 8237 ||| Stepping randomly (stuck).
  8238 | D:10     | 8238 ||| Stepping randomly (stuck).
  8239 | D:10     | 8239 ||| Stepping randomly (stuck).
  8240 | D:10     | 8240 ||| Stepping randomly (stuck).
  8241 | D:10     | 8241 ||| Stepping randomly (stuck).
  8242 | D:10     | 8242 ||| Stepping randomly (stuck).
  8243 | D:10     | 8243 ||| Stepping randomly (stuck).
  8244 | D:10     | 8244 ||| Stepping randomly (stuck).
  8245 | D:10     | 8245 ||| Stepping randomly (stuck).
  8246 | D:10     | 8246 ||| Stepping randomly (stuck).
  8247 | D:10     | 8247 ||| Stepping randomly (stuck).
  8248 | D:10     | 8248 ||| Stepping randomly (stuck).
  8249 | D:10     | 8249 ||| Stepping randomly (stuck).
  8250 | D:10     | 8250 ||| Stepping randomly (stuck).
  8251 | D:10     | 8251 ||| Stepping randomly (stuck).
  8252 | D:10     | 8252 ||| Stepping randomly (stuck).
  8253 | D:10     | 8253 ||| Stepping randomly (stuck).
  8254 | D:10     | 8254 ||| Stepping randomly (stuck).
  8255 | D:10     | 8255 ||| Stepping randomly (stuck).
  8256 | D:10     | 8256 ||| Stepping randomly (stuck).
  8257 | D:10     | 8257 ||| Stepping randomly (stuck).
  8258 | D:10     | 8258 ||| Stepping randomly (stuck).
  8259 | D:10     | 8259 ||| Stepping randomly (stuck).
  8260 | D:10     | 8260 ||| Stepping randomly (stuck).
  8261 | D:10     | 8261 ||| Stepping randomly (stuck).
  8262 | D:10     | 8262 ||| Stepping randomly (stuck).
  8263 | D:10     | 8263 ||| Stepping randomly (stuck).
  8264 | D:10     | 8264 ||| Stepping randomly (stuck).
  8265 | D:10     | 8265 ||| Stepping randomly (stuck).
  8266 | D:10     | 8266 ||| Stepping randomly (stuck).
  8267 | D:10     | 8267 ||| Stepping randomly (stuck).
  8268 | D:10     | 8268 ||| Stepping randomly (stuck).
  8269 | D:10     | 8269 ||| Stepping randomly (stuck).
  8270 | D:10     | 8270 ||| Stepping randomly (stuck).
  8271 | D:10     | 8271 ||| Stepping randomly (stuck).
  8272 | D:10     | 8272 ||| Stepping randomly (stuck).
  8273 | D:10     | 8273 ||| Stepping randomly (stuck).
  8274 | D:10     | 8274 ||| Stepping randomly (stuck).
  8275 | D:10     | 8275 ||| Stepping randomly (stuck).
  8276 | D:10     | 8276 ||| Stepping randomly (stuck).
  8277 | D:10     | 8277 ||| Stepping randomly (stuck).
  8278 | D:10     | 8278 ||| Stepping randomly (stuck).
  8279 | D:10     | 8279 ||| Stepping randomly (stuck).
  8280 | D:10     | 8280 ||| Stepping randomly (stuck).
  8281 | D:10     | 8281 ||| Stepping randomly (stuck).
  8282 | D:10     | 8282 ||| Stepping randomly (stuck).
  8283 | D:10     | 8283 ||| Stepping randomly (stuck).
  8284 | D:10     | 8284 ||| Stepping randomly (stuck).
  8285 | D:10     | 8285 ||| Stepping randomly (stuck).
  8286 | D:10     | 8286 ||| Stepping randomly (stuck).
  8287 | D:10     | 8287 ||| Stepping randomly (stuck).
  8288 | D:10     | 8288 ||| Stepping randomly (stuck).
  8289 | D:10     | 8289 ||| Stepping randomly (stuck).
  8290 | D:10     | 8290 ||| Stepping randomly (stuck).
  8291 | D:10     | 8291 ||| Stepping randomly (stuck).
  8292 | D:10     | 8292 ||| Stepping randomly (stuck).
  8293 | D:10     | 8293 ||| Stepping randomly (stuck).
  8294 | D:10     | 8294 ||| Stepping randomly (stuck).
  8295 | D:10     | 8295 ||| Stepping randomly (stuck).
  8296 | D:10     | 8296 ||| Stepping randomly (stuck).
  8297 | D:10     | 8297 ||| Stepping randomly (stuck).
  8298 | D:10     | 8298 ||| Stepping randomly (stuck).
  8299 | D:10     | 8299 ||| Stepping randomly (stuck).
  8300 | D:10     | 8300 ||| Stepping randomly (stuck).
  8301 | D:10     | 8301 ||| Stepping randomly (stuck).
  8302 | D:10     | 8302 ||| Stepping randomly (stuck).
  8303 | D:10     | 8303 ||| Stepping randomly (stuck).
  8304 | D:10     | 8304 ||| Stepping randomly (stuck).
  8305 | D:10     | 8305 ||| Stepping randomly (stuck).
  8306 | D:10     | 8306 ||| Stepping randomly (stuck).
  8307 | D:10     | 8307 ||| Stepping randomly (stuck).
  8308 | D:10     | 8308 ||| Stepping randomly (stuck).
  8309 | D:10     | 8309 ||| Stepping randomly (stuck).
  8310 | D:10     | 8310 ||| Stepping randomly (stuck).
  8311 | D:10     | 8311 ||| Stepping randomly (stuck).
  8312 | D:10     | 8312 ||| Stepping randomly (stuck).
  8313 | D:10     | 8313 ||| Stepping randomly (stuck).
  8314 | D:10     | 8314 ||| Stepping randomly (stuck).
  8315 | D:10     | 8315 ||| Stepping randomly (stuck).
  8316 | D:10     | 8316 ||| Stepping randomly (stuck).
  8317 | D:10     | 8317 ||| Stepping randomly (stuck).
  8318 | D:10     | 8318 ||| Stepping randomly (stuck).
  8319 | D:10     | 8319 ||| Stepping randomly (stuck).
  8320 | D:10     | 8320 ||| Stepping randomly (stuck).
  8321 | D:10     | 8321 ||| Stepping randomly (stuck).
  8322 | D:10     | 8322 ||| Stepping randomly (stuck).
  8323 | D:10     | 8323 ||| Stepping randomly (stuck).
  8324 | D:10     | 8324 ||| Stepping randomly (stuck).
  8325 | D:10     | 8325 ||| Stepping randomly (stuck).
  8326 | D:10     | 8326 ||| Stepping randomly (stuck).
  8327 | D:10     | 8327 ||| Stepping randomly (stuck).
  8328 | D:10     | 8328 ||| Stepping randomly (stuck).
  8329 | D:10     | 8329 ||| Stepping randomly (stuck).
  8330 | D:10     | 8330 ||| Stepping randomly (stuck).
  8331 | D:10     | 8331 ||| Stepping randomly (stuck).
  8332 | D:10     | 8332 ||| Stepping randomly (stuck).
  8333 | D:10     | 8333 ||| Stepping randomly (stuck).
  8334 | D:10     | 8334 ||| Stepping randomly (stuck).
  8335 | D:10     | 8335 ||| Stepping randomly (stuck).
  8336 | D:10     | 8336 ||| Stepping randomly (stuck).
  8337 | D:10     | 8337 ||| Stepping randomly (stuck).
  8338 | D:10     | 8338 ||| Stepping randomly (stuck).
  8339 | D:10     | 8339 ||| Stepping randomly (stuck).
  8340 | D:10     | 8340 ||| Stepping randomly (stuck).
  8341 | D:10     | 8341 ||| Stepping randomly (stuck).
  8342 | D:10     | 8342 ||| Stepping randomly (stuck).
  8343 | D:10     | 8343 ||| Stepping randomly (stuck).
  8344 | D:10     | 8344 ||| Stepping randomly (stuck).
  8345 | D:10     | 8345 ||| Stepping randomly (stuck).
  8346 | D:10     | 8346 ||| Stepping randomly (stuck).
  8347 | D:10     | 8347 ||| Stepping randomly (stuck).
  8348 | D:10     | 8348 ||| Stepping randomly (stuck).
  8349 | D:10     | 8349 ||| Stepping randomly (stuck).
  8350 | D:10     | 8350 ||| Stepping randomly (stuck).
  8351 | D:10     | 8351 ||| Stepping randomly (stuck).
  8352 | D:10     | 8352 ||| Stepping randomly (stuck).
  8353 | D:10     | 8353 ||| Stepping randomly (stuck).
  8354 | D:10     | 8354 ||| Stepping randomly (stuck).
  8355 | D:10     | 8355 ||| Stepping randomly (stuck).
  8356 | D:10     | 8356 ||| Stepping randomly (stuck).
  8357 | D:10     | 8357 ||| Stepping randomly (stuck).
  8358 | D:10     | 8358 ||| Stepping randomly (stuck).
  8359 | D:10     | 8359 ||| Stepping randomly (stuck).
  8360 | D:10     | 8360 ||| Stepping randomly (stuck).
  8361 | D:10     | 8361 ||| Stepping randomly (stuck).
  8362 | D:10     | 8362 ||| Stepping randomly (stuck).
  8363 | D:10     | 8363 ||| Stepping randomly (stuck).
  8364 | D:10     | 8364 ||| Stepping randomly (stuck).
  8365 | D:10     | 8365 ||| Stepping randomly (stuck).
  8366 | D:10     | 8366 ||| Stepping randomly (stuck).
  8367 | D:10     | 8367 ||| Stepping randomly (stuck).
  8368 | D:10     | 8368 ||| Stepping randomly (stuck).
  8369 | D:10     | 8369 ||| Stepping randomly (stuck).
  8370 | D:10     | 8370 ||| Stepping randomly (stuck).
  8371 | D:10     | 8371 ||| Stepping randomly (stuck).
  8372 | D:10     | 8372 ||| Stepping randomly (stuck).
  8373 | D:10     | 8373 ||| Stepping randomly (stuck).
  8374 | D:10     | 8374 ||| Stepping randomly (stuck).
  8375 | D:10     | 8375 ||| Stepping randomly (stuck).
  8376 | D:10     | 8376 ||| Stepping randomly (stuck).
  8377 | D:10     | 8377 ||| Stepping randomly (stuck).
  8378 | D:10     | 8378 ||| Stepping randomly (stuck).
  8379 | D:10     | 8379 ||| Stepping randomly (stuck).
  8380 | D:10     | 8380 ||| Stepping randomly (stuck).
  8381 | D:10     | 8381 ||| Stepping randomly (stuck).
  8382 | D:10     | 8382 ||| Stepping randomly (stuck).
  8383 | D:10     | 8383 ||| Stepping randomly (stuck).
  8384 | D:10     | 8384 ||| Stepping randomly (stuck).
  8385 | D:10     | 8385 ||| Stepping randomly (stuck).
  8386 | D:10     | 8386 ||| Stepping randomly (stuck).
  8387 | D:10     | 8387 ||| Stepping randomly (stuck).
  8388 | D:10     | 8388 ||| Stepping randomly (stuck).
  8389 | D:10     | 8389 ||| Stepping randomly (stuck).
  8390 | D:10     | 8390 ||| Stepping randomly (stuck).
  8391 | D:10     | 8391 ||| Stepping randomly (stuck).
  8392 | D:10     | 8392 ||| Stepping randomly (stuck).
  8393 | D:10     | 8393 ||| Stepping randomly (stuck).
  8394 | D:10     | 8394 ||| Stepping randomly (stuck).
  8395 | D:10     | 8395 ||| Stepping randomly (stuck).
  8396 | D:10     | 8396 ||| Stepping randomly (stuck).
  8397 | D:10     | 8397 ||| Stepping randomly (stuck).
  8398 | D:10     | 8398 ||| Stepping randomly (stuck).
  8399 | D:10     | 8399 ||| Stepping randomly (stuck).
  8400 | D:10     | 8400 ||| Stepping randomly (stuck).
  8401 | D:10     | 8401 ||| Stepping randomly (stuck).
  8402 | D:10     | 8402 ||| Stepping randomly (stuck).
  8403 | D:10     | 8403 ||| Stepping randomly (stuck).
  8404 | D:10     | 8404 ||| Stepping randomly (stuck).
  8405 | D:10     | 8405 ||| Stepping randomly (stuck).
  8406 | D:10     | 8406 ||| Stepping randomly (stuck).
  8407 | D:10     | 8407 ||| Stepping randomly (stuck).
  8408 | D:10     | 8408 ||| Stepping randomly (stuck).
  8409 | D:10     | 8409 ||| Stepping randomly (stuck).
  8410 | D:10     | 8410 ||| Stepping randomly (stuck).
  8411 | D:10     | 8411 ||| Stepping randomly (stuck).
  8412 | D:10     | 8412 ||| Stepping randomly (stuck).
  8413 | D:10     | 8413 ||| Stepping randomly (stuck).
  8414 | D:10     | 8414 ||| Stepping randomly (stuck).
  8415 | D:10     | 8415 ||| Stepping randomly (stuck).
  8416 | D:10     | 8416 ||| Stepping randomly (stuck).
  8417 | D:10     | 8417 ||| Stepping randomly (stuck).
  8418 | D:10     | 8418 ||| Stepping randomly (stuck).
  8419 | D:10     | 8419 ||| Stepping randomly (stuck).
  8420 | D:10     | 8420 ||| Stepping randomly (stuck).
  8421 | D:10     | 8421 ||| Stepping randomly (stuck).
  8422 | D:10     | 8422 ||| Stepping randomly (stuck).
  8423 | D:10     | 8423 ||| Stepping randomly (stuck).
  8424 | D:10     | 8424 ||| Stepping randomly (stuck).
  8425 | D:10     | 8425 ||| Stepping randomly (stuck).
  8426 | D:10     | 8426 ||| Stepping randomly (stuck).
  8427 | D:10     | 8427 ||| Stepping randomly (stuck).
  8428 | D:10     | 8428 ||| Stepping randomly (stuck).
  8429 | D:10     | 8429 ||| Stepping randomly (stuck).
  8430 | D:10     | 8430 ||| Stepping randomly (stuck).
  8431 | D:10     | 8431 ||| Stepping randomly (stuck).
  8432 | D:10     | 8432 ||| Stepping randomly (stuck).
  8433 | D:10     | 8433 ||| Stepping randomly (stuck).
  8434 | D:10     | 8434 ||| Stepping randomly (stuck).
  8435 | D:10     | 8435 ||| Stepping randomly (stuck).
  8436 | D:10     | 8436 ||| Stepping randomly (stuck).
  8437 | D:10     | 8437 ||| Stepping randomly (stuck).
  8438 | D:10     | 8438 ||| Stepping randomly (stuck).
  8439 | D:10     | 8439 ||| Stepping randomly (stuck).
  8440 | D:10     | 8440 ||| Stepping randomly (stuck).
  8441 | D:10     | 8441 ||| Stepping randomly (stuck).
  8442 | D:10     | 8442 ||| Stepping randomly (stuck).
  8443 | D:10     | 8443 ||| Stepping randomly (stuck).
  8444 | D:10     | 8444 ||| Stepping randomly (stuck).
  8445 | D:10     | 8445 ||| Stepping randomly (stuck).
  8446 | D:10     | 8446 ||| Stepping randomly (stuck).
  8447 | D:10     | 8447 ||| Stepping randomly (stuck).
  8448 | D:10     | 8448 ||| Stepping randomly (stuck).
  8449 | D:10     | 8449 ||| Stepping randomly (stuck).
  8450 | D:10     | 8450 ||| Stepping randomly (stuck).
  8451 | D:10     | 8451 ||| Stepping randomly (stuck).
  8452 | D:10     | 8452 ||| Stepping randomly (stuck).
  8453 | D:10     | 8453 ||| Stepping randomly (stuck).
  8454 | D:10     | 8454 ||| Stepping randomly (stuck).
  8455 | D:10     | 8455 ||| Stepping randomly (stuck).
  8456 | D:10     | 8456 ||| Stepping randomly (stuck).
  8457 | D:10     | 8457 ||| Stepping randomly (stuck).
  8458 | D:10     | 8458 ||| Stepping randomly (stuck).
  8459 | D:10     | 8459 ||| Stepping randomly (stuck).
  8460 | D:10     | 8460 ||| Stepping randomly (stuck).
  8461 | D:10     | 8461 ||| Stepping randomly (stuck).
  8462 | D:10     | 8462 ||| Stepping randomly (stuck).
  8463 | D:10     | 8463 ||| Stepping randomly (stuck).
  8464 | D:10     | 8464 ||| Stepping randomly (stuck).
  8465 | D:10     | 8465 ||| Stepping randomly (stuck).
  8466 | D:10     | 8466 ||| Stepping randomly (stuck).
  8467 | D:10     | 8467 ||| Stepping randomly (stuck).
  8468 | D:10     | 8468 ||| Stepping randomly (stuck).
  8469 | D:10     | 8469 ||| Stepping randomly (stuck).
  8470 | D:10     | 8470 ||| Stepping randomly (stuck).
  8471 | D:10     | 8471 ||| Stepping randomly (stuck).
  8472 | D:10     | 8472 ||| Stepping randomly (stuck).
  8473 | D:10     | 8473 ||| Stepping randomly (stuck).
  8474 | D:10     | 8474 ||| Stepping randomly (stuck).
  8475 | D:10     | 8475 ||| Stepping randomly (stuck).
  8476 | D:10     | 8476 ||| Stepping randomly (stuck).
  8477 | D:10     | 8477 ||| Stepping randomly (stuck).
  8478 | D:10     | 8478 ||| Stepping randomly (stuck).
  8479 | D:10     | 8479 ||| Stepping randomly (stuck).
  8480 | D:10     | 8480 ||| Stepping randomly (stuck).
  8481 | D:10     | 8481 ||| Stepping randomly (stuck).
  8482 | D:10     | 8482 ||| Stepping randomly (stuck).
  8483 | D:10     | 8483 ||| Stepping randomly (stuck).
  8484 | D:10     | 8484 ||| Stepping randomly (stuck).
  8485 | D:10     | 8485 ||| Stepping randomly (stuck).
  8486 | D:10     | 8486 ||| Stepping randomly (stuck).
  8487 | D:10     | 8487 ||| Stepping randomly (stuck).
  8488 | D:10     | 8488 ||| Stepping randomly (stuck).
  8489 | D:10     | 8489 ||| Stepping randomly (stuck).
  8490 | D:10     | 8490 ||| Stepping randomly (stuck).
  8492 | D:10     | 8492 ||| Stepping randomly (stuck).
  8493 | D:10     | 8493 ||| Stepping randomly (stuck).
  8494 | D:10     | 8494 ||| Stepping randomly (stuck).
  8495 | D:10     | 8495 ||| Stepping randomly (stuck).
  8496 | D:10     | 8496 ||| Stepping randomly (stuck).
  8497 | D:10     | 8497 ||| Stepping randomly (stuck).
  8498 | D:10     | 8498 ||| Stepping randomly (stuck).
  8499 | D:10     | 8499 ||| Stepping randomly (stuck).
  8500 | D:10     | 8500 ||| Stepping randomly (stuck).
  8501 | D:10     | 8501 ||| Stepping randomly (stuck).
  8502 | D:10     | 8502 ||| Stepping randomly (stuck).
  8503 | D:10     | 8503 ||| Stepping randomly (stuck).
  8504 | D:10     | 8504 ||| Stepping randomly (stuck).
  8505 | D:10     | 8505 ||| Stepping randomly (stuck).
  8506 | D:10     | 8506 ||| Stepping randomly (stuck).
  8507 | D:10     | 8507 ||| Stepping randomly (stuck).
  8508 | D:10     | 8508 ||| Stepping randomly (stuck).
  8509 | D:10     | 8509 ||| Stepping randomly (stuck).
  8510 | D:10     | 8510 ||| Stepping randomly (stuck).
  8511 | D:10     | 8511 ||| Stepping randomly (stuck).
  8512 | D:10     | 8512 ||| Stepping randomly (stuck).
  8513 | D:10     | 8513 ||| Stepping randomly (stuck).
  8514 | D:10     | 8514 ||| Stepping randomly (stuck).
  8515 | D:10     | 8515 ||| Stepping randomly (stuck).
  8516 | D:10     | 8516 ||| Stepping randomly (stuck).
  8517 | D:10     | 8517 ||| Stepping randomly (stuck).
  8518 | D:10     | 8518 ||| Stepping randomly (stuck).
  8519 | D:10     | 8519 ||| Stepping randomly (stuck).
  8520 | D:10     | 8520 ||| Stepping randomly (stuck).
  8521 | D:10     | 8521 ||| Stepping randomly (stuck).
  8522 | D:10     | 8522 ||| Stepping randomly (stuck).
  8523 | D:10     | 8523 ||| Stepping randomly (stuck).
  8524 | D:10     | 8524 ||| Stepping randomly (stuck).
  8525 | D:10     | 8525 ||| Stepping randomly (stuck).
  8526 | D:10     | 8526 ||| Stepping randomly (stuck).
  8527 | D:10     | 8527 ||| Stepping randomly (stuck).
  8528 | D:10     | 8528 ||| Stepping randomly (stuck).
  8529 | D:10     | 8529 ||| Stepping randomly (stuck).
  8530 | D:10     | 8530 ||| Stepping randomly (stuck).
  8531 | D:10     | 8531 ||| Stepping randomly (stuck).
  8532 | D:10     | 8532 ||| Stepping randomly (stuck).
  8533 | D:10     | 8533 ||| Stepping randomly (stuck).
  8534 | D:10     | 8534 ||| Stepping randomly (stuck).
  8535 | D:10     | 8535 ||| Stepping randomly (stuck).
  8536 | D:10     | 8536 ||| Stepping randomly (stuck).
  8537 | D:10     | 8537 ||| Stepping randomly (stuck).
  8538 | D:10     | 8538 ||| Stepping randomly (stuck).
  8539 | D:10     | 8539 ||| Stepping randomly (stuck).
  8540 | D:10     | 8540 ||| Stepping randomly (stuck).
  8541 | D:10     | 8541 ||| Stepping randomly (stuck).
  8542 | D:10     | 8542 ||| Stepping randomly (stuck).
  8543 | D:10     | 8543 ||| Stepping randomly (stuck).
  8544 | D:10     | 8544 ||| Stepping randomly (stuck).
  8545 | D:10     | 8545 ||| Stepping randomly (stuck).
  8546 | D:10     | 8546 ||| Stepping randomly (stuck).
  8547 | D:10     | 8547 ||| Stepping randomly (stuck).
  8548 | D:10     | 8548 ||| Stepping randomly (stuck).
  8549 | D:10     | 8549 ||| Stepping randomly (stuck).
  8550 | D:10     | 8550 ||| Stepping randomly (stuck).
  8551 | D:10     | 8551 ||| Stepping randomly (stuck).
  8552 | D:10     | 8552 ||| Stepping randomly (stuck).
  8553 | D:10     | 8553 ||| Stepping randomly (stuck).
  8554 | D:10     | 8554 ||| Stepping randomly (stuck).
  8555 | D:10     | 8555 ||| Stepping randomly (stuck).
  8556 | D:10     | 8556 ||| Stepping randomly (stuck).
  8557 | D:10     | 8557 ||| Stepping randomly (stuck).
  8558 | D:10     | 8558 ||| Stepping randomly (stuck).
  8559 | D:10     | 8559 ||| Stepping randomly (stuck).
  8560 | D:10     | 8560 ||| Stepping randomly (stuck).
  8561 | D:10     | 8561 ||| Stepping randomly (stuck).
  8562 | D:10     | 8562 ||| Stepping randomly (stuck).
  8563 | D:10     | 8563 ||| Stepping randomly (stuck).
  8564 | D:10     | 8564 ||| Stepping randomly (stuck).
  8565 | D:10     | 8565 ||| Stepping randomly (stuck).
  8566 | D:10     | 8566 ||| Stepping randomly (stuck).
  8567 | D:10     | 8567 ||| Stepping randomly (stuck).
  8568 | D:10     | 8568 ||| Stepping randomly (stuck).
  8569 | D:10     | 8569 ||| Stepping randomly (stuck).
  8570 | D:10     | 8570 ||| Stepping randomly (stuck).
  8571 | D:10     | 8571 ||| Stepping randomly (stuck).
  8572 | D:10     | 8572 ||| Stepping randomly (stuck).
  8573 | D:10     | 8573 ||| Stepping randomly (stuck).
  8574 | D:10     | 8574 ||| Stepping randomly (stuck).
  8575 | D:10     | 8575 ||| Stepping randomly (stuck).
  8576 | D:10     | 8576 ||| Stepping randomly (stuck).
  8577 | D:10     | 8577 ||| Stepping randomly (stuck).
  8578 | D:10     | 8578 ||| Stepping randomly (stuck).
  8579 | D:10     | 8579 ||| Stepping randomly (stuck).
  8580 | D:10     | 8580 ||| Stepping randomly (stuck).
  8581 | D:10     | 8581 ||| Stepping randomly (stuck).
  8582 | D:10     | 8582 ||| Stepping randomly (stuck).
  8583 | D:10     | 8583 ||| Stepping randomly (stuck).
  8584 | D:10     | 8584 ||| Stepping randomly (stuck).
  8585 | D:10     | 8585 ||| Stepping randomly (stuck).
  8586 | D:10     | 8586 ||| Stepping randomly (stuck).
  8587 | D:10     | 8587 ||| Stepping randomly (stuck).
  8588 | D:10     | 8588 ||| Stepping randomly (stuck).
  8589 | D:10     | 8589 ||| Stepping randomly (stuck).
  8590 | D:10     | 8590 ||| Stepping randomly (stuck).
  8591 | D:10     | 8591 ||| Stepping randomly (stuck).
  8592 | D:10     | 8592 ||| Stepping randomly (stuck).
  8593 | D:10     | 8593 ||| Stepping randomly (stuck).
  8594 | D:10     | 8594 ||| Stepping randomly (stuck).
  8595 | D:10     | 8595 ||| Stepping randomly (stuck).
  8596 | D:10     | 8596 ||| Stepping randomly (stuck).
  8597 | D:10     | 8597 ||| Stepping randomly (stuck).
  8598 | D:10     | 8598 ||| Stepping randomly (stuck).
  8599 | D:10     | 8599 ||| Stepping randomly (stuck).
  8600 | D:10     | 8600 ||| Stepping randomly (stuck).
  8601 | D:10     | 8601 ||| Stepping randomly (stuck).
  8602 | D:10     | 8602 ||| Stepping randomly (stuck).
  8603 | D:10     | 8603 ||| Stepping randomly (stuck).
  8604 | D:10     | 8604 ||| Stepping randomly (stuck).
  8605 | D:10     | 8605 ||| Stepping randomly (stuck).
  8606 | D:10     | 8606 ||| Stepping randomly (stuck).
  8607 | D:10     | 8607 ||| Stepping randomly (stuck).
  8608 | D:10     | 8608 ||| Stepping randomly (stuck).
  8609 | D:10     | 8609 ||| Stepping randomly (stuck).
  8610 | D:10     | 8610 ||| Stepping randomly (stuck).
  8611 | D:10     | 8611 ||| Stepping randomly (stuck).
  8612 | D:10     | 8612 ||| Stepping randomly (stuck).
  8613 | D:10     | 8613 ||| Stepping randomly (stuck).
  8614 | D:10     | 8614 ||| Stepping randomly (stuck).
  8615 | D:10     | 8615 ||| Stepping randomly (stuck).
  8616 | D:10     | 8616 ||| Stepping randomly (stuck).
  8617 | D:10     | 8617 ||| Stepping randomly (stuck).
  8618 | D:10     | 8618 ||| Stepping randomly (stuck).
  8619 | D:10     | 8619 ||| Stepping randomly (stuck).
  8620 | D:10     | 8620 ||| Stepping randomly (stuck).
  8621 | D:10     | 8621 ||| Stepping randomly (stuck).
  8622 | D:10     | 8622 ||| Stepping randomly (stuck).
  8623 | D:10     | 8623 ||| Stepping randomly (stuck).
  8624 | D:10     | 8624 ||| Stepping randomly (stuck).
  8625 | D:10     | 8625 ||| Stepping randomly (stuck).
  8626 | D:10     | 8626 ||| Stepping randomly (stuck).
  8627 | D:10     | 8627 ||| Stepping randomly (stuck).
  8628 | D:10     | 8628 ||| Stepping randomly (stuck).
  8629 | D:10     | 8629 ||| Stepping randomly (stuck).
  8630 | D:10     | 8630 ||| Stepping randomly (stuck).
  8631 | D:10     | 8631 ||| Stepping randomly (stuck).
  8632 | D:10     | 8632 ||| Stepping randomly (stuck).
  8633 | D:10     | 8633 ||| Stepping randomly (stuck).
  8634 | D:10     | 8634 ||| Stepping randomly (stuck).
  8635 | D:10     | 8635 ||| Stepping randomly (stuck).
  8636 | D:10     | 8636 ||| Stepping randomly (stuck).
  8637 | D:10     | 8637 ||| Stepping randomly (stuck).
  8638 | D:10     | 8638 ||| Stepping randomly (stuck).
  8639 | D:10     | 8639 ||| Stepping randomly (stuck).
  8640 | D:10     | 8640 ||| Stepping randomly (stuck).
  8641 | D:10     | 8641 ||| Stepping randomly (stuck).
  8642 | D:10     | 8642 ||| Stepping randomly (stuck).
  8643 | D:10     | 8643 ||| Stepping randomly (stuck).
  8644 | D:10     | 8644 ||| Stepping randomly (stuck).
  8645 | D:10     | 8645 ||| Stepping randomly (stuck).
  8646 | D:10     | 8646 ||| Stepping randomly (stuck).
  8647 | D:10     | 8647 ||| Stepping randomly (stuck).
  8648 | D:10     | 8648 ||| Stepping randomly (stuck).
  8649 | D:10     | 8649 ||| Stepping randomly (stuck).
  8650 | D:10     | 8650 ||| Stepping randomly (stuck).
  8651 | D:10     | 8651 ||| Stepping randomly (stuck).
  8652 | D:10     | 8652 ||| Stepping randomly (stuck).
  8653 | D:10     | 8653 ||| Stepping randomly (stuck).
  8654 | D:10     | 8654 ||| Stepping randomly (stuck).
  8655 | D:10     | 8655 ||| Stepping randomly (stuck).
  8656 | D:10     | 8656 ||| Stepping randomly (stuck).
  8657 | D:10     | 8657 ||| Stepping randomly (stuck).
  8658 | D:10     | 8658 ||| Stepping randomly (stuck).
  8659 | D:10     | 8659 ||| Stepping randomly (stuck).
  8660 | D:10     | 8660 ||| Stepping randomly (stuck).
  8661 | D:10     | 8661 ||| Stepping randomly (stuck).
  8662 | D:10     | 8662 ||| Stepping randomly (stuck).
  8663 | D:10     | 8663 ||| Stepping randomly (stuck).
  8664 | D:10     | 8664 ||| Stepping randomly (stuck).
  8665 | D:10     | 8665 ||| Stepping randomly (stuck).
  8666 | D:10     | 8666 ||| Stepping randomly (stuck).
  8667 | D:10     | 8667 ||| Stepping randomly (stuck).
  8668 | D:10     | 8668 ||| Stepping randomly (stuck).
  8669 | D:10     | 8669 ||| Stepping randomly (stuck).
  8670 | D:10     | 8670 ||| Stepping randomly (stuck).
  8671 | D:10     | 8671 ||| Stepping randomly (stuck).
  8672 | D:10     | 8672 ||| Stepping randomly (stuck).
  8673 | D:10     | 8673 ||| Stepping randomly (stuck).
  8674 | D:10     | 8674 ||| Stepping randomly (stuck).
  8675 | D:10     | 8675 ||| Stepping randomly (stuck).
  8676 | D:10     | 8676 ||| Stepping randomly (stuck).
  8677 | D:10     | 8677 ||| Stepping randomly (stuck).
  8678 | D:10     | 8678 ||| Stepping randomly (stuck).
  8679 | D:10     | 8679 ||| Stepping randomly (stuck).
  8680 | D:10     | 8680 ||| Stepping randomly (stuck).
  8681 | D:10     | 8681 ||| Stepping randomly (stuck).
  8682 | D:10     | 8682 ||| Stepping randomly (stuck).
  8683 | D:10     | 8683 ||| Stepping randomly (stuck).
  8684 | D:10     | 8684 ||| Stepping randomly (stuck).
  8685 | D:10     | 8685 ||| Stepping randomly (stuck).
  8686 | D:10     | 8686 ||| Stepping randomly (stuck).
  8687 | D:10     | 8687 ||| Stepping randomly (stuck).
  8688 | D:10     | 8688 ||| Stepping randomly (stuck).
  8689 | D:10     | 8689 ||| Stepping randomly (stuck).
  8690 | D:10     | 8690 ||| Stepping randomly (stuck).
  8691 | D:10     | 8691 ||| Stepping randomly (stuck).
  8692 | D:10     | 8692 ||| Stepping randomly (stuck).
  8693 | D:10     | 8693 ||| Stepping randomly (stuck).
  8694 | D:10     | 8694 ||| Stepping randomly (stuck).
  8695 | D:10     | 8695 ||| Stepping randomly (stuck).
  8696 | D:10     | 8696 ||| Stepping randomly (stuck).
  8697 | D:10     | 8697 ||| Stepping randomly (stuck).
  8698 | D:10     | 8698 ||| Stepping randomly (stuck).
  8699 | D:10     | 8699 ||| Stepping randomly (stuck).
  8700 | D:10     | 8700 ||| Stepping randomly (stuck).
  8701 | D:10     | 8701 ||| Stepping randomly (stuck).
  8702 | D:10     | 8702 ||| Stepping randomly (stuck).
  8703 | D:10     | 8703 ||| Stepping randomly (stuck).
  8704 | D:10     | 8704 ||| Stepping randomly (stuck).
  8705 | D:10     | 8705 ||| Stepping randomly (stuck).
  8706 | D:10     | 8706 ||| Stepping randomly (stuck).
  8707 | D:10     | 8707 ||| Stepping randomly (stuck).
  8708 | D:10     | 8708 ||| Stepping randomly (stuck).
  8709 | D:10     | 8709 ||| Stepping randomly (stuck).
  8710 | D:10     | 8710 ||| Stepping randomly (stuck).
  8711 | D:10     | 8711 ||| Stepping randomly (stuck).
  8712 | D:10     | 8712 ||| Stepping randomly (stuck).
  8713 | D:10     | 8713 ||| Stepping randomly (stuck).
  8714 | D:10     | 8714 ||| Stepping randomly (stuck).
  8715 | D:10     | 8715 ||| Stepping randomly (stuck).
  8716 | D:10     | 8716 ||| Stepping randomly (stuck).
  8717 | D:10     | 8717 ||| Stepping randomly (stuck).
  8718 | D:10     | 8718 ||| Stepping randomly (stuck).
  8719 | D:10     | 8719 ||| Stepping randomly (stuck).
  8720 | D:10     | 8720 ||| Stepping randomly (stuck).
  8721 | D:10     | 8721 ||| Stepping randomly (stuck).
  8722 | D:10     | 8722 ||| Stepping randomly (stuck).
  8723 | D:10     | 8723 ||| Stepping randomly (stuck).
  8724 | D:10     | 8724 ||| Stepping randomly (stuck).
  8725 | D:10     | 8725 ||| Stepping randomly (stuck).
  8726 | D:10     | 8726 ||| Stepping randomly (stuck).
  8727 | D:10     | 8727 ||| Stepping randomly (stuck).
  8728 | D:10     | 8728 ||| Stepping randomly (stuck).
  8729 | D:10     | 8729 ||| Stepping randomly (stuck).
  8730 | D:10     | 8730 ||| Stepping randomly (stuck).
  8731 | D:10     | 8731 ||| Stepping randomly (stuck).
  8732 | D:10     | 8732 ||| Stepping randomly (stuck).
  8733 | D:10     | 8733 ||| Stepping randomly (stuck).
  8734 | D:10     | 8734 ||| Stepping randomly (stuck).
  8735 | D:10     | 8735 ||| Stepping randomly (stuck).
  8736 | D:10     | 8736 ||| Stepping randomly (stuck).
  8737 | D:10     | 8737 ||| Stepping randomly (stuck).
  8738 | D:10     | 8738 ||| Stepping randomly (stuck).
  8739 | D:10     | 8739 ||| Stepping randomly (stuck).
  8740 | D:10     | 8740 ||| Stepping randomly (stuck).
  8741 | D:10     | 8741 ||| Stepping randomly (stuck).
  8742 | D:10     | 8742 ||| Stepping randomly (stuck).
  8743 | D:10     | 8743 ||| Stepping randomly (stuck).
  8744 | D:10     | 8744 ||| Stepping randomly (stuck).
  8745 | D:10     | 8745 ||| Stepping randomly (stuck).
  8746 | D:10     | 8746 ||| Stepping randomly (stuck).
  8747 | D:10     | 8747 ||| Stepping randomly (stuck).
  8748 | D:10     | 8748 ||| Stepping randomly (stuck).
  8749 | D:10     | 8749 ||| Stepping randomly (stuck).
  8750 | D:10     | 8750 ||| Stepping randomly (stuck).
  8751 | D:10     | 8751 ||| Stepping randomly (stuck).
  8752 | D:10     | 8752 ||| Stepping randomly (stuck).
  8753 | D:10     | 8753 ||| Stepping randomly (stuck).
  8754 | D:10     | 8754 ||| Stepping randomly (stuck).
  8755 | D:10     | 8755 ||| Stepping randomly (stuck).
  8756 | D:10     | 8756 ||| Stepping randomly (stuck).
  8757 | D:10     | 8757 ||| Stepping randomly (stuck).
  8758 | D:10     | 8758 ||| Stepping randomly (stuck).
  8759 | D:10     | 8759 ||| Stepping randomly (stuck).
  8760 | D:10     | 8760 ||| Stepping randomly (stuck).
  8761 | D:10     | 8761 ||| Stepping randomly (stuck).
  8762 | D:10     | 8762 ||| Stepping randomly (stuck).
  8763 | D:10     | 8763 ||| Stepping randomly (stuck).
  8764 | D:10     | 8764 ||| Stepping randomly (stuck).
  8765 | D:10     | 8765 ||| Stepping randomly (stuck).
  8766 | D:10     | 8766 ||| Stepping randomly (stuck).
  8767 | D:10     | 8767 ||| Stepping randomly (stuck).
  8768 | D:10     | 8768 ||| Stepping randomly (stuck).
  8769 | D:10     | 8769 ||| Stepping randomly (stuck).
  8770 | D:10     | 8770 ||| Stepping randomly (stuck).
  8771 | D:10     | 8771 ||| Stepping randomly (stuck).
  8772 | D:10     | 8772 ||| Stepping randomly (stuck).
  8773 | D:10     | 8773 ||| Stepping randomly (stuck).
  8774 | D:10     | 8774 ||| Stepping randomly (stuck).
  8775 | D:10     | 8775 ||| Stepping randomly (stuck).
  8776 | D:10     | 8776 ||| Stepping randomly (stuck).
  8777 | D:10     | 8777 ||| Stepping randomly (stuck).
  8778 | D:10     | 8778 ||| Stepping randomly (stuck).
  8779 | D:10     | 8779 ||| Stepping randomly (stuck).
  8780 | D:10     | 8780 ||| Stepping randomly (stuck).
  8781 | D:10     | 8781 ||| Stepping randomly (stuck).
  8782 | D:10     | 8782 ||| Stepping randomly (stuck).
  8783 | D:10     | 8783 ||| Stepping randomly (stuck).
  8784 | D:10     | 8784 ||| Stepping randomly (stuck).
  8785 | D:10     | 8785 ||| Stepping randomly (stuck).
  8786 | D:10     | 8786 ||| Stepping randomly (stuck).
  8787 | D:10     | 8787 ||| Stepping randomly (stuck).
  8788 | D:10     | 8788 ||| Stepping randomly (stuck).
  8789 | D:10     | 8789 ||| Stepping randomly (stuck).
  8790 | D:10     | 8790 ||| Stepping randomly (stuck).
  8791 | D:10     | 8791 ||| Stepping randomly (stuck).
  8792 | D:10     | 8792 ||| Stepping randomly (stuck).
  8793 | D:10     | 8793 ||| Stepping randomly (stuck).
  8794 | D:10     | 8794 ||| Stepping randomly (stuck).
  8795 | D:10     | 8795 ||| Stepping randomly (stuck).
  8796 | D:10     | 8796 ||| Stepping randomly (stuck).
  8797 | D:10     | 8797 ||| Stepping randomly (stuck).
  8798 | D:10     | 8798 ||| Stepping randomly (stuck).
  8799 | D:10     | 8799 ||| Stepping randomly (stuck).
  8800 | D:10     | 8800 ||| Stepping randomly (stuck).
  8801 | D:10     | 8801 ||| Stepping randomly (stuck).
  8802 | D:10     | 8802 ||| Stepping randomly (stuck).
  8803 | D:10     | 8803 ||| Stepping randomly (stuck).
  8804 | D:10     | 8804 ||| Stepping randomly (stuck).
  8805 | D:10     | 8805 ||| Stepping randomly (stuck).
  8806 | D:10     | 8806 ||| Stepping randomly (stuck).
  8807 | D:10     | 8807 ||| Stepping randomly (stuck).
  8808 | D:10     | 8808 ||| Stepping randomly (stuck).
  8809 | D:10     | 8809 ||| Stepping randomly (stuck).
  8810 | D:10     | 8810 ||| Stepping randomly (stuck).
  8811 | D:10     | 8811 ||| Stepping randomly (stuck).
  8812 | D:10     | 8812 ||| Stepping randomly (stuck).
  8813 | D:10     | 8813 ||| Stepping randomly (stuck).
  8814 | D:10     | 8814 ||| Stepping randomly (stuck).
  8815 | D:10     | 8815 ||| Stepping randomly (stuck).
  8816 | D:10     | 8816 ||| Stepping randomly (stuck).
  8817 | D:10     | 8817 ||| Stepping randomly (stuck).
  8818 | D:10     | 8818 ||| Stepping randomly (stuck).
  8819 | D:10     | 8819 ||| Stepping randomly (stuck).
  8820 | D:10     | 8820 ||| Stepping randomly (stuck).
  8821 | D:10     | 8821 ||| Stepping randomly (stuck).
  8822 | D:10     | 8822 ||| Stepping randomly (stuck).
  8823 | D:10     | 8823 ||| Stepping randomly (stuck).
  8824 | D:10     | 8824 ||| Stepping randomly (stuck).
  8825 | D:10     | 8825 ||| Stepping randomly (stuck).
  8826 | D:10     | 8826 ||| Stepping randomly (stuck).
  8827 | D:10     | 8827 ||| Stepping randomly (stuck).
  8828 | D:10     | 8828 ||| Stepping randomly (stuck).
  8829 | D:10     | 8829 ||| Stepping randomly (stuck).
  8830 | D:10     | 8830 ||| Stepping randomly (stuck).
  8831 | D:10     | 8831 ||| Stepping randomly (stuck).
  8832 | D:10     | 8832 ||| Stepping randomly (stuck).
  8833 | D:10     | 8833 ||| Stepping randomly (stuck).
  8834 | D:10     | 8834 ||| Stepping randomly (stuck).
  8835 | D:10     | 8835 ||| Stepping randomly (stuck).
  8836 | D:10     | 8836 ||| Stepping randomly (stuck).
  8837 | D:10     | 8837 ||| Stepping randomly (stuck).
  8838 | D:10     | 8838 ||| Stepping randomly (stuck).
  8839 | D:10     | 8839 ||| Stepping randomly (stuck).
  8840 | D:10     | 8840 ||| Stepping randomly (stuck).
  8841 | D:10     | 8841 ||| Stepping randomly (stuck).
  8842 | D:10     | 8842 ||| Stepping randomly (stuck).
  8843 | D:10     | 8843 ||| Stepping randomly (stuck).
  8844 | D:10     | 8844 ||| Stepping randomly (stuck).
  8845 | D:10     | 8845 ||| Stepping randomly (stuck).
  8846 | D:10     | 8846 ||| Stepping randomly (stuck).
  8847 | D:10     | 8847 ||| Stepping randomly (stuck).
  8848 | D:10     | 8848 ||| Stepping randomly (stuck).
  8849 | D:10     | 8849 ||| Stepping randomly (stuck).
  8850 | D:10     | 8850 ||| Stepping randomly (stuck).
  8851 | D:10     | 8851 ||| Stepping randomly (stuck).
  8852 | D:10     | 8852 ||| Stepping randomly (stuck).
  8853 | D:10     | 8853 ||| Stepping randomly (stuck).
  8854 | D:10     | 8854 ||| Stepping randomly (stuck).
  8855 | D:10     | 8855 ||| Stepping randomly (stuck).
  8856 | D:10     | 8856 ||| Stepping randomly (stuck).
  8857 | D:10     | 8857 ||| Stepping randomly (stuck).
  8858 | D:10     | 8858 ||| Stepping randomly (stuck).
  8859 | D:10     | 8859 ||| Stepping randomly (stuck).
  8860 | D:10     | 8860 ||| Stepping randomly (stuck).
  8861 | D:10     | 8861 ||| Stepping randomly (stuck).
  8862 | D:10     | 8862 ||| Stepping randomly (stuck).
  8863 | D:10     | 8863 ||| Stepping randomly (stuck).
  8864 | D:10     | 8864 ||| Stepping randomly (stuck).
  8865 | D:10     | 8865 ||| Stepping randomly (stuck).
  8866 | D:10     | 8866 ||| Stepping randomly (stuck).
  8867 | D:10     | 8867 ||| Stepping randomly (stuck).
  8868 | D:10     | 8868 ||| Stepping randomly (stuck).
  8869 | D:10     | 8869 ||| Stepping randomly (stuck).
  8870 | D:10     | 8870 ||| Stepping randomly (stuck).
  8871 | D:10     | 8871 ||| Stepping randomly (stuck).
  8872 | D:10     | 8872 ||| Stepping randomly (stuck).
  8873 | D:10     | 8873 ||| Stepping randomly (stuck).
  8874 | D:10     | 8874 ||| Stepping randomly (stuck).
  8875 | D:10     | 8875 ||| Stepping randomly (stuck).
  8876 | D:10     | 8876 ||| Stepping randomly (stuck).
  8877 | D:10     | 8877 ||| Stepping randomly (stuck).
  8878 | D:10     | 8878 ||| Stepping randomly (stuck).
  8879 | D:10     | 8879 ||| Stepping randomly (stuck).
  8880 | D:10     | 8880 ||| Stepping randomly (stuck).
  8881 | D:10     | 8881 ||| Stepping randomly (stuck).
  8882 | D:10     | 8882 ||| Stepping randomly (stuck).
  8883 | D:10     | 8883 ||| Stepping randomly (stuck).
  8884 | D:10     | 8884 ||| Stepping randomly (stuck).
  8885 | D:10     | 8885 ||| Stepping randomly (stuck).
  8886 | D:10     | 8886 ||| Stepping randomly (stuck).
  8887 | D:10     | 8887 ||| Stepping randomly (stuck).
  8888 | D:10     | 8888 ||| Stepping randomly (stuck).
  8889 | D:10     | 8889 ||| Stepping randomly (stuck).
  8890 | D:10     | 8890 ||| Stepping randomly (stuck).
  8891 | D:10     | 8891 ||| Stepping randomly (stuck).
  8892 | D:10     | 8892 ||| Stepping randomly (stuck).
  8893 | D:10     | 8893 ||| Stepping randomly (stuck).
  8894 | D:10     | 8894 ||| Stepping randomly (stuck).
  8895 | D:10     | 8895 ||| Stepping randomly (stuck).
  8896 | D:10     | 8896 ||| Stepping randomly (stuck).
  8897 | D:10     | 8897 ||| Stepping randomly (stuck).
  8898 | D:10     | 8898 ||| Stepping randomly (stuck).
  8899 | D:10     | 8899 ||| Stepping randomly (stuck).
  8900 | D:10     | 8900 ||| Stepping randomly (stuck).
  8901 | D:10     | 8901 ||| Stepping randomly (stuck).
  8902 | D:10     | 8902 ||| Stepping randomly (stuck).
  8903 | D:10     | 8903 ||| Stepping randomly (stuck).
  8904 | D:10     | 8904 ||| Stepping randomly (stuck).
  8905 | D:10     | 8905 ||| Stepping randomly (stuck).
  8906 | D:10     | 8906 ||| Stepping randomly (stuck).
  8907 | D:10     | 8907 ||| Stepping randomly (stuck).
  8908 | D:10     | 8908 ||| Stepping randomly (stuck).
  8909 | D:10     | Quit the game

Levels and vault maps discovered:
D:1:      minmay_arrival_split_and_join, layout_loops_ring
D:2:      layout_basic, chequers_ecumenical_altar_twisty
D:3:      minmay_chambers_of_threes, layout_rooms,
          nicolae_tso_swordbearing_angel, serial_shops, shop,
          gammafunk_ghost_mausoleum, uniq_robin, uniq_jessica
D:4:      layout_loops_cross, mainiacjoe_overflow_surrounded_room,
          minmay_temple_entry_statues_pillars, kennysheep_small_square
D:5:      layout_loops_corners
D:6:      layout_basic, serial_shops, kennysheep_little_box,
          nicolae_nh_ransacked_shop, uniq_crazy_yiuf_cottage,
          uniq_blork_the_orc, uniq_edmund
D:7:      layout_gridville, grunt_temple_overflow_growth_and_decay,
          minmay_misc_feat_chi, uniq_prince_ribbit1
D:8:      layout_rooms, lemuel_crystal_altar, lightli_temple_of_fire
D:10:     layout_roguey, nzn_wu_jian_contemplation,
          gammafunk_temple_overflow_statue, minmay_lair_entry_grove

Skill      XL: |  1  2  3  4  5  6  7  8  9 10 |
---------------+-------------------------------+-----
Axes           | 3 4 5 6 7 8 10 | 10.5
Armour         | 1 2 3 4 5 6 8 |  8.1
Fighting       | 4 5 6 7 8 |  8.0
Dodging        | 1 |  1.7
Spellcasting   | |  1.0
Fire Magic     | |  3.0

Action                     |  1- 3 |  4- 6 |  7- 9 | 10-12 || total
---------------------------+-------+-------+-------+-------++-------
  Melee: Hand axe          |    91 |   266 |   279 |       ||   636
         Punch             |       |     1 |     3 |       ||     4
         War axe           |       |       |   100 |    24 ||   124
 Invoke: Fiery Armour      |       |     4 |     7 |     1 ||    12
    Use: Scroll            |     3 |    10 |    10 |     4 ||    27
         Potion            |       |       |     3 |       ||     3
   Stab: Paralysed         |       |       |     2 |       ||     2
 Armour: Robe              |    23 |       |       |       ||    23
         Chain mail        |    26 |   113 |       |       ||   139
         Plate armour      |       |   125 |   258 |    37 ||   420
  Dodge: Dodged            |    36 |    96 |   105 |    16 ||   253

Table legend:
 A = Non-vault XP
 B = Vault XP
 C = Vault XP percentage of total XP
 D = Non-vault monster count
 E = Vault monster count
 F = Vault count percentage of total count
                 A         B        C        D         E       F
            +---------+---------+-------+---------+---------+-------
      Total |    4143 |    2728 |  39.7 |     147 |      45 |  23.4
            +---------+---------+-------+---------+---------+-------
        D:1 |      56 |       0 |   0.0 |      20 |       0 |   0.0
        D:2 |      47 |       0 |   0.0 |      14 |       0 |   0.0
        D:3 |     104 |     128 |  55.2 |      20 |      24 |  54.5
        D:4 |     160 |       2 |   1.2 |      21 |       1 |   4.5
        D:5 |     967 |       0 |   0.0 |      20 |       0 |   0.0
        D:6 |    1020 |     363 |  26.2 |      24 |       6 |  20.0
        D:7 |     913 |     291 |  24.2 |      15 |       1 |   6.2
        D:8 |     580 |       0 |   0.0 |      12 |       0 |   0.0
       D:10 |     296 |    1944 |  86.8 |       1 |      13 |  92.9
            +---------+---------+-------+---------+---------+-------
